 Dungeon Crawl Stone Soup version 0.17.0-23-g0de4337 (webtiles) character file.

65487 Leibowitz the Nimble (level 15, -4/144 HPs)
             Began as a Kobold Gladiator on Nov 13, 2015.
             Was the Champion of Okawaru.
             Slain by Garrluk's ghost (8 damage)
             ... on level 4 of the Orcish Mines.
             The game lasted 01:28:11 (29304 turns).

Leibowitz the Nimble (Kobold Gladiator)            Turns: 29304, Time: 01:28:11

Health: -4/144     AC: 15    Str: 21    XL:     15   Next: 58%
Magic:  15/15      EV: 27    Int: 10    God:    Okawaru [******]
Gold:   2290       SH: 14    Dex: 23    Spells: 0 memorised, 14 levels left

rFire  . . .     SeeInvis .     a - +6 dagger of the Six Beds {pierce, +Rage rF- Int+4}
rCold  . . .     Clarity  +     J - +1 ring mail of the Trilobite {+Blink rF+ Str+2}
rNeg   . . .     SustAt   .     w - +0 shield
rPois  .         Gourm    .     C - +2 helmet
rElec  .         Spirit   .     V - +1 cloak {MR+}
rCorr  .         Warding  .     E - +1 pair of gloves
rMut   .         Stasis   .     (no boots)
MR     +++..                    O - amulet of clarity
Stlth  ..........               y - ring of protection from magic
                                k - +5 ring of slaying

@: berserking (expiring), very quick, extremely resistant to hostile
enchantments, extremely unstealthy
A: carnivore 3, robust 1
a: Heroism, Finesse, Renounce Religion, Evoke Blink, Evoke Berserk Rage


You were on level 4 of the Orcish Mines.
You worshipped Okawaru.
Okawaru was exalted by your worship.
You were completely stuffed.

You visited 4 branches of the dungeon, and saw 24 of its levels.

You collected 2465 gold pieces.
You spent 175 gold pieces at shops.

Inventory:

Hand Weapons
 a - the +6 dagger of the Six Beds (weapon) {pierce, +Rage rF- Int+4}
   (You bought it in a shop on level 2 of the Orcish Mines)

   It inflicts extra damage upon your enemies.
   It affects your intelligence (+4).
   It makes you vulnerable to fire.
   It lets you go berserk.
 b - a +0 blowgun
 U - a +2 dagger of venom
Missiles
 l - 56 poisoned needles
 m - 5 curare-tipped needles
 x - 2 throwing nets (quivered)
 G - 5 needles of confusion
 L - 5 needles of frenzy
Armour
 o - the +0 cloak of Okawaru {+Blink rN+ Dex-4}
   (Okawaru gifted it to you on level 6 of the Lair of Beasts)

   It affects your dexterity (-4).
   It protects you from negative energy.
   It lets you blink.
 w - a +0 shield (worn)
 C - a +2 helmet (worn)
 E - a +1 pair of gloves (worn)
 J - the +1 ring mail of the Trilobite (worn) {+Blink rF+ Str+2}
   (You found it on level 9 of the Dungeon)

   It affects your strength (+2).
   It protects you from fire.
   It lets you blink.
 V - a +1 cloak of magic resistance (worn)
Jewellery
 k - a +5 ring of slaying (left hand)
 y - a ring of protection from magic (right hand)
 K - an uncursed ring of teleportation
 O - an amulet of clarity (around neck)
 P - a +4 ring of intelligence
 Q - an uncursed amulet of stasis
Wands
 d - a wand of lightning (3)
 q - a wand of hasting (5)
 s - a wand of digging (13)
 D - a wand of frost (19)
 H - a wand of flame (18)
 I - a wand of digging (4)
 R - a wand of draining (12)
Scrolls
 e - 3 scrolls of remove curse
 g - 3 scrolls of blinking
 h - 3 scrolls of enchant armour
 i - 16 scrolls of identify
 n - 2 scrolls of silence
 t - a scroll of fog
 u - 7 scrolls of teleportation
 A - 2 scrolls of magic mapping
 S - a scroll of fear
 T - 2 scrolls of enchant weapon
Potions
 p - 3 potions of might
 r - 3 potions of curing
 v - a potion of invisibility
 z - 6 potions of flight
 B - 3 potions of brilliance
 N - 2 potions of agility
 X - a potion of resistance
Comestibles
 c - 4 beef jerkies
 f - 7 meat rations
 j - 2 royal jellies
 F - 3 slices of pizza


   Skills:
 + Level 8.2 Fighting
 + Level 12.5 Short Blades
 + Level 8.5 Throwing
 + Level 6.3 Armour
 + Level 14.0 Dodging
 + Level 13.8 Stealth
 * Level 12.3 Shields
 + Level 1.2 Evocations


You had 14 spell levels left.
You didn't know any spells.

Dungeon Overview and Level Annotations

Branches:
Dungeon (11/15)            Temple (1/1) D:7            Lair (8/8) D:11
 Shoals (0/4) Lair:6        Snake (0/4) Lair:4        Slime (0/6) Lair:8
    Orc (4/4) D:11            Elf (0/3) Orc:3

Altars:
Ashenzari
Cheibriados
Dithmenos
Elyvilon
Fedhas
Gozag
Kikubaaqudgha
Makhleb
Nemelex Xobeh
Okawaru
Qazlal
Ru
Sif Muna
Trog
Vehumet
Xom
Yredelemnul
Zin
The Shining One
Jiyva

Shops:
D:8 :   D:11 %   Orc:2 (

Annotations:
Orc:4 Garrluk's ghost, adept HuFE; Potsanchik's ghost, journeyman FoVM


Innate Abilities, Weirdness & Mutations

You are small and have problems with some larger weapons.
You are carnivorous and can eat meat at any time.
You are robust (+10% HP).


Message History

You kill the orc warrior!
Okawaru accepts your kill. You block the orc's attack.
Your shield prevents you from hitting the orc.
You block Garrluk's ghost's attack.
You hit the orc.
You kill the orc!
You barely miss Garrluk's ghost.
Garrluk's ghost is moderately damaged.
You closely miss Garrluk's ghost.
Garrluk's ghost is moderately damaged.
Garrluk's ghost conjures an orb of pure magic.
The wavering orb of destruction weakly hits you!
* * * LOW HITPOINT WARNING * * *
You closely miss Garrluk's ghost.
Garrluk's ghost is moderately damaged.
You miss Garrluk's ghost.
Garrluk's ghost is moderately damaged.
Garrluk's ghost hits you!
You die...

### ##<## ###)(.##
##.#....####
#....(.#...####
##..[.#.....#.##
##.(@)#...#...#
##.#.W.#.#...## #.
#...#........##...
##())#...........
#............##.
#..............#
##.........)..##
#...........).#
##.....##......#


You could see Garrluk's ghost.

Vanquished Creatures
  Gastronok (Lair:3)
  2 stone giants (Orc:4)
  The ghost of Pr0man the Blocker, a journeyman DsGl of Okawaru (Lair:7)
  Snorg (Lair:3)
  Harold (Lair:2)
  2 hydras
  A queen ant (Lair:3)
  5 death yaks (Lair:7)
  Urug (Lair:3)
  Sonja (Orc:2)
  A giant orange brain (D:10)
  A wolf spider zombie (D:11)
  A hill giant (D:10)
  A manticore (D:11)
  2 griffons (Lair:7)
  6 elephants
  9 black mambas
  A kobold demonologist (D:10)
  A gargoyle (D:11)
  15 spiny frogs
  9 polar bears
  A spriggan druid (Lair:8)
  2 komodo dragons (Lair:2)
  3 two-headed ogres
  4 trolls
  2 fire drakes
  Grinder (D:3)
  A trapdoor spider zombie (D:7)
  Prince Ribbit (D:6)
  A boulder beetle (Lair:8)
  A snapping turtle (Lair:6)
  19 blink frogs
  3 redbacks (Lair:8)
  Sigmund (D:3)
  56 yaks
  4 basilisks (Lair:5)
  2 hungry ghosts
  Eustachio (D:5)
  15 spriggans
  2 wyverns
  12 hippogriffs
  8 soldier ants (Lair:3)
  Edmund (D:5)
  4 wargs
  26 wolves
  A naga (Lair:4)
  15 water moccasins
  10 porcupines
  Duvessa (D:6)
  8 orc warriors
  5 wasps
  7 black bears
  2 sky beasts
  3 ice beasts
  4 phantoms
  A necrophage (D:11)
  4 ogres
  17 crocodiles
  A centaur (D:8)
  2 big kobolds
  3 brain worms (D:10)
  Dowan (D:6)
  14 giant frogs
  26 killer bees
  3 scorpions
  5 electric eels
  4 quasits
  2 crimson imps
  A centaur zombie (D:9)
  A giant frog skeleton (D:10)
  5 centaur skeletons
  7 hounds
  A jelly (D:8)
  14 orc priests
  11 iguanas
  Natasha (thrice) (D:3)
  14 orc wizards
  A killer bee zombie (D:9)
  28 worker ants
  25 sheep
  A hound zombie (D:10)
  A hound skeleton (D:4)
  3 worker ant zombies
  9 adders
  11 gnolls
  63 river rats
  3 shadow imps
  An adder zombie (D:7)
  A worm (D:4)
  5 giant geckos
  109 orcs
  3 ball pythons
  8 giant cockroaches
  9 hobgoblins
  10 jackals
  3 quokkas
  6 bats
  A giant gecko zombie (D:6)
  6 giant newts
  9 goblins
  A goblin skeleton (D:6)
  2 goblin zombies (D:6)
  17 kobolds
  3 kobold skeletons (D:6)
  3 kobold zombies (D:6)
  3 orc skeletons (D:6)
  3 rats (D:3)
778 creatures vanquished.

Vanquished Creatures (collateral kills)
  An orc (Orc:2)
1 creature vanquished.

Vanquished Creatures (others)
  An orc (Orc:4)
  21 fungi
  7 plants
29 creatures vanquished.

Grand Total: 808 creatures vanquished

Notes
Turn   | Place    | Note
--------------------------------------------------------------
     0 | D:1      | Leibowitz the Kobold Gladiator began the quest for the Orb.
     0 | D:1      | Reached XP level 1. HP: 12/12 MP: 1/1
   223 | D:1      | Reached skill level 1 in Stealth
   223 | D:1      | Reached XP level 2. HP: 16/18 MP: 2/2
   857 | D:2      | Reached XP level 3. HP: 22/22 MP: 3/3
  1817 | D:3      | Noticed Sigmund
  1831 | D:3      | Killed Sigmund
  1831 | D:3      | Reached skill level 5 in Short Blades
  1831 | D:3      | Reached skill level 1 in Armour
  1831 | D:3      | Reached XP level 4. HP: 14/27 MP: 4/4
  1831 | D:3      | Reached XP level 5. HP: 16/32 MP: 5/5
  1831 | D:3      | Reached XP level 6. HP: 18/36 MP: 6/6
  2143 | D:3      | Noticed Natasha
  2155 | D:3      | Reached skill level 5 in Stealth
  2175 | D:3      | Killed Natasha
  2460 | D:3      | Found a deep blue altar of Sif Muna.
  2591 | D:3      | Noticed Natasha
  2598 | D:3      | Killed Natasha
  2741 | D:3      | Noticed Grinder
  2743 | D:3      | Paralysed by Grinder for 5 turns
  2752 | D:3      | Paralysed by Grinder for 6 turns
  2764 | D:3      | Noticed Natasha
  2816 | D:3      | Paralysed by Grinder for 4 turns
  2834 | D:3      | Paralysed by Grinder for 5 turns
  2839 | D:3      | Killed Grinder
  2839 | D:3      | Reached skill level 6 in Short Blades
  2839 | D:3      | Reached XP level 7. HP: 39/41 MP: 7/7
  2858 | D:3      | Killed Natasha
  3336 | D:4      | Found a snail-covered altar of Cheibriados.
  3810 | D:4      | Found an opulent altar of Gozag.
  3869 | D:4      | Reached skill level 5 in Dodging
  4067 | D:5      | Entered Level 5 of the Dungeon
  4433 | D:5      | Reached XP level 8. HP: 46/46 MP: 8/8
  4684 | D:5      | Found a sparkling altar of Nemelex Xobeh.
  4769 | D:5      | Reached skill level 7 in Short Blades
  4769 | D:5      | Reached skill level 1 in Evocations
  4983 | D:5      | Noticed Eustachio
  5006 | D:5      | Killed Eustachio
  5263 | D:5      | Got a bone dagger
  5264 | D:5      | Identified the +5 dagger "Lyiti" {drain, MR+} (You found it on level 5 of the Dungeon)
  5287 | D:5      | Noticed Edmund
  5290 | D:5      | Killed Edmund
  5670 | D:5      | Reached skill level 1 in Shields
  5670 | D:5      | Reached XP level 9. HP: 50/52 MP: 9/9
  5839 | D:6      | Found a basalt altar of Yredelemnul.
  5988 | D:6      | Reached skill level 5 in Throwing
  6342 | D:6      | Found an ancient bone altar of Kikubaaqudgha.
  6389 | D:6      | Found a shadowy altar of Dithmenos.
  6409 | D:6      | Reached skill level 8 in Stealth
  6441 | D:6      | Found a glowing golden altar of the Shining One.
  6455 | D:6      | Noticed Prince Ribbit
  6455 | D:6      | Noticed Duvessa
  6464 | D:6      | Noticed Dowan
  6478 | D:6      | Killed Duvessa
  6493 | D:6      | Killed Dowan
  6510 | D:6      | Killed Prince Ribbit
  6898 | D:7      | Found a staircase to the Ecumenical Temple.
  6914 | Temple   | Entered the Ecumenical Temple
  7141 | D:7      | Reached skill level 9 in Stealth
  7141 | D:7      | Reached XP level 10. HP: 50/56 MP: 10/10
  7280 | D:7      | Found a basalt altar of Yredelemnul.
  7282 | D:7      | Found a radiant altar of Vehumet.
  7289 | D:7      | Found a shimmering altar of Xom.
  7949 | D:8      | Gained mutation: Your body sometimes deteriorates upon taking damage. [potion of mutation]
  7949 | D:8      | Gained mutation: Your spells are a little easier to cast, but a little less powerful. [potion of mutation]
  7949 | D:8      | Gained mutation: You are dopey. (Int -2) [potion of mutation]
  8039 | D:7      | Found a sparkling altar of Nemelex Xobeh.
  8039 | D:7      | Found a sacrificial altar of Ru.
  8836 | D:8      | Found Lonnod's Book Boutique.
  9217 | D:9      | Got a warped ring mail
  9228 | D:9      | Identified the cursed +1 ring mail of the Trilobite {+Blink rF+ Str+2} (You found it on level 9 of the Dungeon)
  9272 | D:9      | Found a stormy altar of Qazlal.
  9457 | D:9      | Reached skill level 5 in Shields
  9615 | D:9      | HP: 2/58 [two-headed ogre/great mace (22)]
  9890 | D:9      | Reached skill level 5 in Fighting
  9890 | D:9      | Reached XP level 11. HP: 55/63 MP: 11/11
 10079 | D:9      | Found an iron altar of Okawaru.
 10085 | D:9      | Became a worshipper of Warmaster Okawaru
 10090 | D:9      | Reached skill level 10 in Stealth
 10232 | D:10     | Entered Level 10 of the Dungeon
 10437 | D:10     | Reached * piety under Okawaru
 10947 | D:10     | Noticed a hill giant
 10970 | D:10     | Reached ** piety under Okawaru
 10995 | D:10     | Noticed a giant orange brain
 11011 | D:10     | Killed a giant orange brain
 11311 | D:10     | Killed a hill giant
 11596 | D:11     | Noticed a manticore
 11602 | D:11     | Killed a manticore
 11602 | D:11     | Reached skill level 11 in Stealth
 11623 | D:11     | Found a staircase to the Orcish Mines.
 11666 | D:11     | Reached *** piety under Okawaru
 11784 | D:11     | Found a staircase to the Lair.
 12085 | D:11     | Reached XP level 12. HP: 17/69 MP: 12/12
 12469 | D:11     | Reached skill level 10 in Dodging
 12535 | D:11     | Found Izater's Food Shoppe.
 12550 | D:11     | Reached **** piety under Okawaru
 13008 | Orc:1    | Entered Level 1 of the Orcish Mines
 13455 | Lair:1   | Entered Level 1 of the Lair of Beasts
 13709 | Lair:1   | Reached skill level 10 in Short Blades
 14269 | Lair:1   | Reached ***** piety under Okawaru
 15022 | Lair:2   | Received a gift from Okawaru
 15025 | Lair:2   | Got a faintly glowing ring mail {god gift}
 15036 | Lair:2   | Identified the +1 ring mail "Puch" {Int+3} (Okawaru gifted it to you on level 2 of the Lair of Beasts)
 15103 | Lair:2   | HP: 3/71 [spiny frog (14)]
 15552 | Lair:2   | Reached skill level 5 in Armour
 15901 | Lair:2   | Reached XP level 13. HP: 46/76 MP: 13/13
 16355 | Lair:2   | Noticed Harold
 16405 | Lair:2   | Killed Harold
 16760 | Lair:3   | Noticed Snorg
 16768 | Lair:3   | Killed Snorg
 16821 | Lair:3   | Noticed Gastronok
 16831 | Lair:3   | Killed Gastronok
 16831 | Lair:3   | Reached skill level 12 in Stealth
 16858 | Lair:3   | Noticed Urug
 16866 | Lair:3   | Killed Urug
 16945 | Lair:3   | Received a gift from Okawaru
 18849 | Lair:4   | Found a staircase to the Snake Pit.
 19242 | Orc:2    | Noticed Sonja
 19623 | Orc:2    | Killed Sonja
 19725 | Orc:2    | Found Fintu's Antique Weapon Emporium.
 19732 | Orc:2    | Bought an ichor-stained dagger for 175 gold pieces
 19732 | Orc:2    | Identified the +6 dagger of the Six Beds {pierce, +Rage rF- Int+4} (You bought it in a shop on level 2 of the Orcish Mines)
 19752 | Orc:2    | Reached skill level 10 in Shields
 20009 | Orc:3    | Reached skill level 13 in Stealth
 20057 | Orc:3    | Found a staircase to the Elven Halls.
 20270 | Orc:4    | Entered Level 4 of the Orcish Mines
 20364 | Orc:4    | Noticed Garrluk's ghost (adept HuFE)
 20368 | Orc:4    | Noticed a stone giant
 20689 | Lair:4   | Reached XP level 14. HP: 59/82 MP: 14/14
 21820 | Lair:5   | Received a gift from Okawaru
 22433 | Lair:5   | Received a gift from Okawaru
 22520 | Lair:5   | Reached ****** piety under Okawaru
 23259 | Lair:6   | Received a gift from Okawaru
 23260 | Lair:6   | Got an ichor-stained cloak {god gift}
 23307 | Lair:6   | Identified the +0 cloak of Okawaru {+Blink rN+ Dex-4} (Okawaru gifted it to you on level 6 of the Lair of Beasts)
 23410 | Lair:6   | Found a staircase to the Shoals.
 24294 | Lair:7   | Noticed Pr0man's ghost (journeyman DsGl)
 24376 | Lair:7   | Killed Pr0man's ghost
 25966 | Lair:8   | Entered Level 8 of the Lair of Beasts
 26186 | Lair:8   | Received a gift from Okawaru
 26578 | Lair:8   | Found a viscous altar of Jiyva.
 26578 | Lair:8   | Found a staircase to the Slime Pits.
 26639 | Lair:8   | Reached XP level 15. HP: 88/88 MP: 15/15
 26826 | Lair:8   | Lost mutation: Your body sometimes deteriorates upon taking damage. [potion of cure mutation]
 26826 | Lair:8   | Lost mutation: You are dopey. (Int -2) [potion of cure mutation]
 26826 | Lair:8   | Lost mutation: Your spells are a little easier to cast, but a little less powerful. [potion of cure mutation]
 27072 | Lair:8   | Gained mutation: You are robust (+10% HP). [potion of beneficial mutation]
 27326 | Lair:8   | Received a gift from Okawaru
 28012 | Lair:8   | Received a gift from Okawaru
 28895 | Orc:4    | Noticed a stone giant
 28923 | Orc:4    | Killed a stone giant
 28923 | Orc:4    | Received a gift from Okawaru
 28924 | Orc:4    | Noticed Potsanchik's ghost (journeyman FoVM)
 29268 | Orc:4    | Killed a stone giant
 29268 | Orc:4    | Reached skill level 14 in Dodging
 29302 | Orc:4    | HP: 4/144 [disintegration (40)]
 29304 | Orc:4    | Slain by Garrluk's ghost

Action                   |  1- 3 |  4- 6 |  7- 9 | 10-12 | 13-15 || total
-------------------------+-------+-------+-------+-------+-------++-------
Melee: Rapier            |    69 |    42 |   185 |   118 |       ||   414
       Dagger            |       |       |    67 |   835 |  1964 ||  2866
 Fire: Blowgun           |       |     7 |    46 |   125 |    63 ||   241
Throw: Throwing net      |     1 |     6 |     7 |     4 |     8 ||    26
 Abil: Evoke Berserk Rag |       |       |       |       |     4 ||     4
Evoke: Wand              |       |       |     4 |       |    15 ||    19
  Use: Scroll            |     5 |     2 |     5 |     3 |     3 ||    18
       Potion            |     2 |     1 |     8 |     9 |     5 ||    25
 Stab: Sleeping          |     8 |     4 |    21 |    50 |    48 ||   131
       Held in net/web   |       |     2 |     3 |     2 |     1 ||     8
       Distracted        |       |       |     1 |     4 |    11 ||    16
       Paralysed         |       |       |       |       |     2 ||     2
       Confused          |       |       |       |       |     2 ||     2
  Eat: Chunk             |     9 |     5 |    10 |    43 |    46 ||   113
